[ AOE2 MATCH · #493387867 ]
UnrankedVietnamese vs Mongols
[ REPLAY ANALYSIS · EXTRACTED FROM THE RECORDED GAME ]
Feudal
11:53
Castle
22:55
Imperial
36:03
| APM avg | 48.3 |
| APM peak | 93 |
| eAPM avg | 23.9 |
| Villagers / military | 99 / 61 |
Focus
⚔️ 38.2% · 🌾 61.8%
Cavalry Archer ×47 · Scout Cavalry ×12 · Knight ×2 · Fishing Ship ×2
Feudal
11:56
Castle
15:30
Imperial
26:38
| APM avg | 55.6 |
| APM peak | 90 |
| eAPM avg | 39.9 |
| Villagers / military | 154 / 118 |
Focus
⚔️ 55.6% · 🌾 44.4%
Mangudai ×102 · Fishing Ship ×45 · Unknown (2626) ×25 · Galley ×9 · Trebuchet (Packed) ×7
Feudal
9:39
Castle
22:07
Imperial
—
| APM avg | 46.3 |
| APM peak | 85 |
| eAPM avg | 21.8 |
| Villagers / military | 180 / 59 |
Focus
⚔️ 31.6% · 🌾 68.4%
Knight ×47 · Scout Cavalry ×12
Feudal
8:26
Castle
23:05
Imperial
—
| APM avg | 41.4 |
| APM peak | 92 |
| eAPM avg | 19.2 |
| Villagers / military | 111 / 50 |
Focus
⚔️ 31.7% · 🌾 68.3%
Knight ×35 · Scout Cavalry ×15
Feudal
10:14
Castle
24:33
Imperial
—
| APM avg | 36.5 |
| APM peak | 94 |
| eAPM avg | 20.1 |
| Villagers / military | 86 / 71 |
Focus
⚔️ 41.8% · 🌾 58.2%
Knight ×50 · Scout Cavalry ×20 · Spearman ×1
Feudal
10:59
Castle
14:34
Imperial
32:20
| APM avg | 56.8 |
| APM peak | 85 |
| eAPM avg | 28.5 |
| Villagers / military | 144 / 12 |
Focus
⚔️ 25.1% · 🌾 74.9%
Unknown (1949) ×60 · Unknown (1944) ×17 · Fire Galley ×11 · Fishing Ship ×7 · Unknown (2626) ×4 · Scout Cavalry ×1
Feudal
9:09
Castle
23:23
Imperial
—
| APM avg | 64.4 |
| APM peak | 102 |
| eAPM avg | 28.5 |
| Villagers / military | 104 / 117 |
Focus
⚔️ 54.4% · 🌾 45.6%
Archer ×117
Feudal
10:25
Castle
23:41
Imperial
33:57
| APM avg | 39.6 |
| APM peak | 83 |
| eAPM avg | 22.2 |
| Villagers / military | 93 / 12 |
Focus
⚔️ 34.9% · 🌾 65.1%
Spearman ×7 · Trebuchet (Packed) ×3 · Mangonel ×2
Match map
Initial resources + every placement click. Lines = walls · curves = elevation contours. ◆ gold · ⬟ stone · ● berries · ✦ relic · ◌ wall gap
Your base· Open — unwalled flank
PSX | Nicolás Tagliafico's base· Open — unwalled flank
PSX | Enzo Fernandez's base· Open — unwalled flank
Emily001's base· Open — unwalled flank
PSX | DIBU MARTINEZ's base· ✓ Closed at 24:33 · 32t walls · 1 gate(s)
回忆里太多好's base· Open — unwalled flank
DS_Uruguayo's base· Open — unwalled flank
mesa's base· ✓ Closed at 23:41 · 86t walls · 2 gate(s)
Smoothed initial terrain · ◌ = detected wall gap · hover for details
Inputs per minute
— 巨大豚 - - PSX | Nicolás Tagliafico
Build order — 巨大豚
First 150 of 295 actions detected
| 0:02 | Build | House |
| 0:04 | Build | House |
| 0:08 | Create | Villager (Male) |
| 0:15 | Create | Villager (Male) |
| 0:22 | Create | Villager (Male) |
| 0:28 | Create | Villager (Male) |
| 1:24 | Create | Villager (Male) |
| 2:10 | Create | Villager (Male) |
| 2:24 | Create | Villager (Male) |
| 3:01 | Create | Villager (Male) |
| 3:23 | Create | Villager (Male) |
| 3:37 | Create | Villager (Male) |
| 4:09 | Build | Lumber Camp |
| 4:16 | Create | Villager (Male) |
| 4:24 | Build | House |
| 4:26 | Create | Villager (Male) |
| 4:42 | Create | Villager (Male) |
| 4:52 | Create | Villager (Male) |
| 5:00 | Create | Villager (Male) |
| 5:28 | Create | Villager (Male) |
| 5:50 | Create | Villager (Male) |
| 5:53 | Build | House |
| 6:44 | Research | Loom |
| 6:54 | Build | Dock |
| 7:19 | Create | Villager (Male) |
| 7:44 | Create | Villager (Male) |
| 7:45 | Build | Mill |
| 8:14 | Build | House |
| 8:33 | Create | Villager (Male) |
| 8:49 | Create | Fishing Ship |
| 8:52 | Build | Farm |
| 8:53 | Build | Farm |
| 8:55 | Build | Farm |
| 9:10 | Create | Villager (Male) |
| 9:11 | Build | Farm |
| 9:43 | Research | Feudal Age |
| 9:45 | Build | Farm |
| 9:49 | Build | Mining Camp |
| 10:05 | Build | Mill |
| 10:11 | Create | Villager (Male) |
| 10:33 | Create | Fishing Ship |
| 10:36 | Create | Villager (Male) |
| 10:45 | Create | Villager (Male) |
| 11:51 | Build | Barracks |
| 11:53 | Age | Feudal Age |
| 12:04 | Create | Villager (Male) |
| 12:06 | Research | Double-Bit Axe |
| 12:07 | Research | Double-Bit Axe |
| 12:09 | Research | Horse Collar |
| 12:19 | Create | Villager (Male) |
| 12:36 | Create | Villager (Male) |
| 13:06 | Build | Stable |
| 13:25 | Build | Lumber Camp |
| 13:29 | Create | Villager (Male) |
| 13:49 | Research | Wheelbarrow |
| 13:52 | Create | Scout Cavalry |
| 13:54 | Build | House |
| 13:55 | Build | House |
| 14:23 | Create | Scout Cavalry |
| 14:23 | Create | Villager (Male) |
| 14:38 | Build | Stable |
| 14:45 | Build | House |
| 14:53 | Create | Scout Cavalry |
| 15:01 | Create | Scout Cavalry |
| 15:08 | Research | Bloodlines |
| 15:09 | Build | House |
| 15:18 | Create | Scout Cavalry |
| 15:22 | Create | Scout Cavalry |
| 15:23 | Create | Villager (Male) |
| 15:27 | Build | Farm |
| 15:29 | Build | Farm |
| 15:41 | Create | Scout Cavalry |
| 15:54 | Create | Scout Cavalry |
| 15:55 | Create | Villager (Male) |
| 15:57 | Build | Farm |
| 15:57 | Build | Farm |
| 16:27 | Create | Scout Cavalry |
| 16:27 | Create | Scout Cavalry |
| 16:41 | Create | Villager (Male) |
| 16:50 | Build | Blacksmith |
| 16:51 | Build | House |
| 16:56 | Create | Scout Cavalry |
| 17:14 | Create | Villager (Male) |
| 17:32 | Create | Scout Cavalry |
| 17:39 | Build | Farm |
| 17:40 | Build | Farm |
| 17:42 | Build | Farm |
| 17:58 | Create | Villager (Male) |
| 17:59 | Build | Farm |
| 18:06 | Build | Farm |
| 18:11 | Build | Farm |
| 18:12 | Build | Farm |
| 18:13 | Build | Farm |
| 18:24 | Create | Villager (Male) |
| 18:30 | Build | Farm |
| 18:33 | Build | Farm |
| 18:36 | Create | Villager (Male) |
| 18:44 | Build | House |
| 18:59 | Create | Villager (Male) |
| 19:01 | Build | Lumber Camp |
| 19:13 | Create | Villager (Male) |
| 19:24 | Build | Farm |
| 19:24 | Build | Farm |
| 19:32 | Build | Market |
| 19:49 | Build | Farm |
| 20:15 | Research | Castle Age |
| 20:15 | Research | Castle Age |
| 20:15 | Research | Castle Age |
| 21:03 | Research | Scale Barding Armor |
| 21:03 | Research | Forging |
| 21:44 | Build | Archery Range |
| 21:45 | Build | Archery Range |
| 21:46 | Build | Archery Range |
| 22:08 | Build | Stone Wall |
| 22:20 | Build | Archery Range |
| 22:22 | Research | Gold Mining |
| 22:22 | Research | Gold Mining |
| 22:23 | Create | Villager (Male) |
| 22:28 | Build | Mining Camp |
| 22:55 | Age | Castle Age |
| 23:02 | Research | Fletching |
| 23:02 | Research | Fletching |
| 23:05 | Create | Villager (Male) |
| 23:08 | Create | Villager (Male) |
| 23:15 | Build | Town Center |
| 23:33 | Create | Cavalry Archer |
| 23:33 | Create | Cavalry Archer |
| 23:34 | Create | Cavalry Archer |
| 23:34 | Create | Cavalry Archer |
| 23:39 | Research | Bow Saw |
| 23:39 | Research | Bow Saw |
| 23:41 | Research | Heavy Plow |
| 23:42 | Research | Hand Cart |
| 23:42 | Research | Hand Cart |
| 23:43 | Research | Town Watch |
| 23:44 | Create | Villager (Male) |
| 23:50 | Build | Stone Wall |
| 23:50 | Build | Stone Wall |
| 23:52 | Create | Villager (Male) |
| 23:53 | Create | Cavalry Archer |
| 23:53 | Create | Cavalry Archer |
| 23:57 | Build | Stone Wall |
| 24:01 | Build | Palisade Wall |
| 24:03 | Build | Palisade Wall |
| 24:11 | Create | Cavalry Archer |
| 24:12 | Create | Cavalry Archer |
| 24:17 | Research | Husbandry |
| 24:17 | Research | Husbandry |
| 24:31 | Create | Cavalry Archer |
| 24:32 | Create | Villager (Male) |
Build order — PSX | Nicolás Tagliafico
First 150 of 469 actions detected
| 0:03 | Create | Villager (Male) |
| 0:05 | Build | House |
| 0:06 | Build | House |
| 0:15 | Create | Villager (Male) |
| 0:21 | Create | Villager (Male) |
| 0:24 | Create | Villager (Male) |
| 1:29 | Create | Villager (Male) |
| 1:45 | Create | Villager (Male) |
| 2:08 | Create | Villager (Male) |
| 2:19 | Build | Lumber Camp |
| 2:26 | Create | Villager (Male) |
| 2:48 | Create | Villager (Male) |
| 3:23 | Create | Villager (Male) |
| 3:34 | Build | House |
| 4:05 | Create | Villager (Male) |
| 4:11 | Create | Villager (Male) |
| 4:39 | Build | Dock |
| 4:59 | Create | Villager (Male) |
| 5:10 | Create | Fishing Ship |
| 5:24 | Create | Villager (Male) |
| 5:33 | Create | Villager (Male) |
| 5:35 | Create | Villager (Male) |
| 5:39 | Build | House |
| 5:52 | Create | Fishing Ship |
| 5:52 | Create | Fishing Ship |
| 5:57 | Create | Villager (Male) |
| 6:00 | Build | House |
| 6:08 | Create | Villager (Male) |
| 6:27 | Create | Fishing Ship |
| 6:28 | Create | Fishing Ship |
| 6:47 | Create | Villager (Male) |
| 6:48 | Create | Villager (Male) |
| 7:02 | Create | Fishing Ship |
| 7:08 | Create | Villager (Male) |
| 7:20 | Create | Villager (Male) |
| 7:33 | Create | Villager (Male) |
| 7:41 | Create | Fishing Ship |
| 7:41 | Create | Fishing Ship |
| 7:44 | Create | Villager (Male) |
| 7:59 | Create | Villager (Male) |
| 8:02 | Build | House |
| 8:13 | Create | Fishing Ship |
| 8:27 | Create | Villager (Male) |
| 8:35 | Create | Villager (Male) |
| 9:09 | Research | Feudal Age |
| 9:10 | Research | Feudal Age |
| 9:32 | Build | Dock |
| 9:57 | Build | Mining Camp |
| 10:15 | Create | Fishing Ship |
| 10:16 | Create | Fishing Ship |
| 10:20 | Create | Fishing Ship |
| 10:21 | Create | Fishing Ship |
| 10:24 | Build | House |
| 10:39 | Create | Fishing Ship |
| 10:39 | Create | Fishing Ship |
| 10:59 | Build | Mill |
| 11:22 | Create | Villager (Male) |
| 11:35 | Create | Fishing Ship |
| 11:35 | Create | Fishing Ship |
| 11:56 | Age | Feudal Age |
| 11:57 | Research | Loom |
| 11:57 | Research | Loom |
| 11:57 | Create | Villager (Male) |
| 12:03 | Build | Market |
| 12:06 | Build | Blacksmith |
| 12:07 | Build | Palisade Wall |
| 12:15 | Build | House |
| 12:35 | Research | Double-Bit Axe |
| 12:35 | Research | Double-Bit Axe |
| 12:50 | Research | Castle Age |
| 12:50 | Research | Castle Age |
| 12:55 | Build | Dock |
| 13:16 | Create | Fishing Ship |
| 13:16 | Create | Fishing Ship |
| 13:16 | Create | Fishing Ship |
| 13:16 | Create | Fishing Ship |
| 13:20 | Create | Villager (Male) |
| 13:54 | Create | Villager (Male) |
| 13:55 | Create | Fishing Ship |
| 13:55 | Create | Fishing Ship |
| 13:59 | Create | Fishing Ship |
| 13:59 | Create | Fishing Ship |
| 14:07 | Create | Villager (Male) |
| 14:18 | Build | House |
| 14:25 | Research | Fletching |
| 14:27 | Create | Galley |
| 14:27 | Create | Galley |
| 14:27 | Create | Galley |
| 14:36 | Research | Tech 906 |
| 14:37 | Research | Tech 906 |
| 14:38 | Create | Galley |
| 14:39 | Create | Galley |
| 14:39 | Create | Galley |
| 14:48 | Build | House |
| 14:55 | Research | Gold Mining |
| 14:56 | Research | Gold Mining |
| 14:56 | Create | Villager (Male) |
| 15:05 | Create | Galley |
| 15:19 | Create | Galley |
| 15:20 | Create | Galley |
| 15:26 | Create | Villager (Male) |
| 15:30 | Age | Castle Age |
| 15:30 | Research | Bodkin Arrow |
| 15:35 | Research | Bow Saw |
| 15:35 | Research | Bow Saw |
| 15:41 | Create | Villager (Male) |
| 15:47 | Create | Villager (Male) |
| 15:58 | Create | Villager (Male) |
| 16:07 | Create | Villager (Male) |
| 16:18 | Build | Town Center |
| 16:28 | Build | Dock |
| 16:45 | Create | Villager (Male) |
| 16:48 | Research | Gillnets |
| 16:49 | Create | Villager (Male) |
| 16:59 | Create | Villager (Male) |
| 17:06 | Create | Villager (Male) |
| 17:14 | Create | Villager (Male) |
| 17:24 | Build | Dock |
| 17:24 | Create | Fishing Ship |
| 17:25 | Create | Fishing Ship |
| 17:25 | Create | Fishing Ship |
| 17:27 | Create | Villager (Male) |
| 17:32 | Create | Villager (Male) |
| 17:36 | Create | Villager (Male) |
| 17:43 | Research | Wheelbarrow |
| 17:52 | Create | Villager (Male) |
| 17:58 | Create | Villager (Male) |
| 18:00 | Research | Stone Mining |
| 18:02 | Create | Villager (Male) ×5 |
| 18:02 | Create | Villager (Male) ×5 |
| 18:07 | Create | Villager (Male) |
| 18:16 | Create | Villager (Male) |
| 18:22 | Build | Town Center |
| 18:26 | Create | Fishing Ship |
| 18:26 | Create | Fishing Ship |
| 18:34 | Create | Villager (Male) |
| 18:45 | Create | Villager (Male) |
| 18:51 | Create | Villager (Male) |
| 18:59 | Create | Villager (Male) |
| 19:04 | Create | Fishing Ship |
| 19:04 | Create | Fishing Ship |
| 19:04 | Create | Fishing Ship |
| 19:05 | Create | Fishing Ship |
| 19:25 | Research | Hand Cart |
| 19:25 | Research | Hand Cart |
| 19:27 | Build | House |
| 19:35 | Create | Villager (Male) |
| 19:41 | Create | Villager (Male) |
| 19:52 | Create | Villager (Male) |
| 19:52 | Create | Villager (Male) |
Build order — PSX | Enzo Fernandez
First 150 of 358 actions detected
| 0:01 | Create | Villager (Male) |
| 0:02 | Build | House |
| 0:03 | Build | House |
| 0:04 | Build | House |
| 0:07 | Create | Villager (Male) |
| 0:07 | Create | Villager (Male) |
| 0:09 | Create | Villager (Male) |
| 1:30 | Create | Villager (Male) |
| 1:30 | Create | Villager (Male) |
| 1:30 | Create | Villager (Male) |
| 2:05 | Create | Villager (Male) |
| 2:05 | Create | Villager (Male) |
| 2:05 | Create | Villager (Male) |
| 2:19 | Create | Villager (Male) |
| 2:26 | Build | Lumber Camp |
| 2:53 | Create | Villager (Male) |
| 2:53 | Create | Villager (Male) |
| 2:53 | Create | Villager (Male) |
| 3:17 | Create | Villager (Male) |
| 3:17 | Create | Villager (Male) |
| 3:27 | Create | Villager (Male) |
| 3:27 | Create | Villager (Male) |
| 3:27 | Create | Villager (Male) |
| 3:27 | Create | Villager (Male) |
| 3:41 | Build | House |
| 3:43 | Create | Villager (Male) |
| 3:50 | Create | Villager (Male) |
| 3:50 | Create | Villager (Male) |
| 4:05 | Create | Villager (Male) |
| 4:05 | Create | Villager (Male) |
| 4:05 | Create | Villager (Male) |
| 5:24 | Create | Villager (Male) |
| 5:24 | Create | Villager (Male) |
| 5:27 | Create | Villager (Male) |
| 5:59 | Create | Villager (Male) |
| 5:59 | Create | Villager (Male) |
| 6:00 | Create | Villager (Male) |
| 6:07 | Create | Villager (Male) |
| 6:07 | Create | Villager (Male) |
| 6:07 | Create | Villager (Male) |
| 6:27 | Research | Loom |
| 7:03 | Build | Mill |
| 7:29 | Research | Feudal Age |
| 7:29 | Research | Feudal Age |
| 7:29 | Research | Feudal Age |
| 7:45 | Build | House |
| 8:25 | Create | Villager (Male) |
| 8:34 | Create | Villager (Male) |
| 9:02 | Create | Villager (Male) |
| 9:16 | Create | Villager (Male) |
| 9:39 | Age | Feudal Age |
| 9:44 | Build | Stable |
| 9:49 | Research | Double-Bit Axe |
| 10:02 | Create | Villager (Male) |
| 10:07 | Create | Villager (Male) |
| 10:17 | Create | Villager (Male) |
| 10:25 | Create | Villager (Male) |
| 10:35 | Create | Scout Cavalry |
| 10:35 | Create | Scout Cavalry |
| 11:05 | Create | Villager (Male) |
| 11:05 | Create | Scout Cavalry |
| 11:06 | Create | Scout Cavalry |
| 11:11 | Build | House |
| 11:20 | Build | Farm |
| 11:21 | Build | House |
| 11:23 | Create | Villager (Male) |
| 11:23 | Create | Villager (Male) |
| 11:37 | Build | Blacksmith |
| 11:39 | Build | House |
| 11:58 | Create | Villager (Male) |
| 12:01 | Create | Scout Cavalry |
| 12:22 | Build | Farm |
| 12:24 | Create | Villager (Male) |
| 12:29 | Build | Palisade Gate |
| 12:48 | Build | Farm |
| 12:53 | Create | Villager (Male) |
| 12:53 | Create | Villager (Male) |
| 12:53 | Create | Villager (Male) |
| 12:54 | Build | Farm |
| 13:07 | Build | Farm |
| 13:37 | Build | Farm |
| 13:51 | Create | Scout Cavalry |
| 14:03 | Build | Farm |
| 14:14 | Build | Farm |
| 14:14 | Create | Villager (Male) |
| 14:18 | Build | Market |
| 14:20 | Build | Farm |
| 14:40 | Create | Villager (Male) |
| 14:41 | Create | Villager (Male) |
| 14:41 | Create | Villager (Male) |
| 14:41 | Create | Villager (Male) |
| 15:05 | Build | Mining Camp |
| 15:06 | Create | Villager (Male) |
| 15:20 | Build | Farm |
| 15:25 | Research | Forging |
| 15:25 | Create | Villager (Male) |
| 15:28 | Build | House |
| 15:29 | Create | Villager (Male) |
| 15:50 | Create | Scout Cavalry |
| 15:50 | Create | Scout Cavalry |
| 15:52 | Build | Farm |
| 15:54 | Build | House |
| 16:07 | Create | Villager (Male) |
| 16:18 | Build | Farm |
| 16:37 | Create | Scout Cavalry |
| 16:42 | Build | Farm |
| 16:43 | Create | Villager (Male) |
| 16:47 | Create | Villager (Male) |
| 16:48 | Create | Villager (Male) |
| 16:48 | Create | Villager (Male) |
| 16:53 | Research | Scale Barding Armor |
| 17:03 | Build | Farm |
| 17:05 | Build | House |
| 17:06 | Create | Villager (Male) |
| 17:34 | Build | Farm |
| 17:35 | Create | Villager (Male) |
| 17:36 | Create | Scout Cavalry |
| 17:36 | Create | Villager (Male) |
| 17:36 | Create | Villager (Male) |
| 17:37 | Create | Villager (Male) |
| 17:37 | Create | Villager (Male) |
| 17:45 | Build | House |
| 18:08 | Build | Farm |
| 18:09 | Build | House |
| 18:11 | Create | Villager (Male) |
| 18:42 | Research | Gold Mining |
| 18:46 | Build | House |
| 18:48 | Build | Palisade Wall |
| 18:49 | Create | Villager (Male) |
| 19:20 | Build | Stable |
| 19:27 | Research | Castle Age |
| 19:27 | Research | Castle Age |
| 19:37 | Research | Gold Mining |
| 19:37 | Research | Gold Mining |
| 19:50 | Research | Horse Collar |
| 19:50 | Research | Horse Collar |
| 19:57 | Build | Palisade Gate |
| 19:59 | Build | Palisade Wall |
| 20:27 | Research | Bloodlines |
| 20:29 | Build | Farm |
| 20:30 | Create | Villager (Male) |
| 21:00 | Create | Scout Cavalry |
| 21:00 | Create | Scout Cavalry |
| 21:44 | Build | House |
| 21:45 | Build | Farm |
| 21:49 | Build | Farm |
| 22:01 | Build | Farm |
| 22:07 | Age | Castle Age |
| 22:12 | Create | Knight |
| 22:17 | Research | Chain Barding Armor |
Build order — Emily001
First 150 of 259 actions detected
| 0:02 | Create | Villager (Male) |
| 0:04 | Build | House |
| 0:05 | Build | House |
| 0:11 | Create | Villager (Male) |
| 0:11 | Create | Villager (Male) |
| 0:11 | Create | Villager (Male) |
| 0:11 | Create | Villager (Male) |
| 1:21 | Create | Villager (Male) |
| 1:21 | Create | Villager (Male) |
| 1:51 | Create | Villager (Male) |
| 1:52 | Create | Villager (Male) |
| 1:59 | Build | Lumber Camp |
| 2:18 | Build | House |
| 2:20 | Build | House |
| 2:43 | Create | Villager (Male) |
| 2:43 | Create | Villager (Male) |
| 2:47 | Create | Villager (Male) |
| 2:47 | Create | Villager (Male) |
| 3:24 | Create | Villager (Male) |
| 3:55 | Create | Villager (Male) |
| 4:02 | Create | Villager (Male) |
| 4:35 | Create | Villager (Male) |
| 4:36 | Create | Villager (Male) |
| 4:36 | Create | Villager (Male) |
| 4:51 | Build | Mill |
| 5:35 | Research | Loom |
| 6:04 | Research | Feudal Age |
| 6:04 | Research | Feudal Age |
| 7:08 | Build | Lumber Camp |
| 7:19 | Build | Palisade Gate |
| 8:02 | Create | Villager (Male) |
| 8:02 | Create | Villager (Male) |
| 8:24 | Build | Barracks |
| 8:26 | Age | Feudal Age |
| 9:02 | Build | Stable |
| 9:09 | Create | Villager (Male) |
| 9:09 | Create | Villager (Male) |
| 9:26 | Research | Double-Bit Axe |
| 9:31 | Build | House |
| 9:33 | Build | Palisade Wall |
| 9:46 | Build | House |
| 10:21 | Create | Scout Cavalry |
| 10:52 | Create | Villager (Male) |
| 11:21 | Create | Scout Cavalry |
| 11:24 | Build | House |
| 11:40 | Create | Villager (Male) |
| 12:01 | Create | Villager (Male) |
| 12:09 | Build | Farm |
| 12:19 | Research | Horse Collar |
| 12:19 | Research | Horse Collar |
| 12:23 | Create | Villager (Male) |
| 12:23 | Create | Villager (Male) |
| 12:29 | Build | Farm |
| 12:42 | Create | Villager (Male) |
| 12:55 | Create | Villager (Male) |
| 13:00 | Build | Farm |
| 13:01 | Build | Farm |
| 13:03 | Build | Farm |
| 13:40 | Create | Scout Cavalry |
| 14:02 | Create | Scout Cavalry |
| 14:06 | Build | Farm |
| 14:08 | Build | Farm |
| 14:09 | Build | Farm |
| 14:13 | Build | Farm |
| 14:13 | Build | Farm |
| 14:14 | Build | Farm |
| 14:14 | Build | Farm |
| 14:14 | Build | Farm |
| 14:14 | Build | Farm |
| 14:18 | Build | Blacksmith |
| 14:23 | Create | Scout Cavalry |
| 14:25 | Create | Villager (Male) |
| 14:27 | Create | Villager (Male) |
| 14:45 | Build | House |
| 15:00 | Create | Scout Cavalry |
| 15:00 | Create | Scout Cavalry |
| 15:28 | Research | Forging |
| 15:28 | Research | Forging |
| 15:28 | Research | Forging |
| 15:42 | Create | Scout Cavalry |
| 15:46 | Create | Villager (Male) |
| 15:46 | Create | Villager (Male) |
| 15:53 | Build | House |
| 15:55 | Build | Palisade Wall |
| 16:05 | Create | Scout Cavalry |
| 16:25 | Research | Scale Barding Armor |
| 16:26 | Research | Scale Barding Armor |
| 16:45 | Create | Scout Cavalry |
| 16:59 | Create | Scout Cavalry |
| 16:59 | Create | Scout Cavalry |
| 17:28 | Create | Scout Cavalry |
| 17:28 | Create | Villager (Male) |
| 17:29 | Create | Scout Cavalry |
| 17:35 | Create | Villager (Male) |
| 17:35 | Create | Villager (Male) |
| 17:39 | Build | Mining Camp |
| 17:42 | Build | Farm |
| 17:44 | Build | Farm |
| 18:08 | Create | Villager (Male) |
| 18:09 | Create | Villager (Male) |
| 18:09 | Create | Villager (Male) |
| 18:13 | Build | Market |
| 18:16 | Build | Farm |
| 18:25 | Create | Scout Cavalry |
| 18:47 | Create | Villager (Male) |
| 18:48 | Create | Villager (Male) |
| 18:48 | Create | Villager (Male) |
| 19:22 | Create | Villager (Male) |
| 19:23 | Create | Villager (Male) |
| 19:32 | Build | Farm |
| 19:55 | Create | Villager (Male) |
| 19:58 | Build | Farm |
| 20:39 | Research | Castle Age |
| 20:59 | Research | Gold Mining |
| 21:07 | Build | Farm |
| 21:09 | Build | Farm |
| 21:41 | Research | Bloodlines |
| 21:41 | Research | Bloodlines |
| 21:41 | Research | Bloodlines |
| 22:24 | Build | Stable |
| 22:24 | Build | Stable |
| 23:05 | Age | Castle Age |
| 23:07 | Create | Villager (Male) |
| 23:08 | Create | Villager (Male) |
| 23:14 | Create | Knight |
| 23:14 | Create | Knight |
| 23:14 | Create | Knight |
| 23:18 | Research | Chain Barding Armor |
| 23:18 | Research | Chain Barding Armor |
| 23:20 | Create | Villager (Male) |
| 23:20 | Create | Villager (Male) |
| 23:24 | Build | Town Center |
| 23:33 | Research | Bow Saw |
| 23:42 | Create | Knight |
| 24:12 | Build | Town Center |
| 24:30 | Create | Knight |
| 24:30 | Create | Knight |
| 24:31 | Research | Husbandry |
| 24:31 | Research | Husbandry |
| 24:51 | Create | Villager (Male) |
| 24:51 | Create | Villager (Male) |
| 25:00 | Build | House |
| 25:02 | Create | Knight |
| 25:03 | Create | Knight |
| 25:12 | Create | Villager (Male) |
| 25:12 | Create | Villager (Male) |
| 25:12 | Create | Villager (Male) |
| 25:12 | Create | Villager (Male) |
| 25:22 | Create | Villager (Male) |
| 25:22 | Create | Villager (Male) |
Build order — PSX | DIBU MARTINEZ
First 150 of 281 actions detected
| 0:01 | Create | Villager (Male) |
| 0:02 | Build | House |
| 0:04 | Build | House |
| 0:18 | Create | Villager (Male) |
| 0:19 | Create | Villager (Male) |
| 0:22 | Create | Villager (Male) |
| 0:31 | Create | Villager (Male) |
| 1:16 | Create | Villager (Male) |
| 2:04 | Create | Villager (Male) |
| 2:04 | Create | Villager (Male) |
| 2:16 | Build | Lumber Camp |
| 2:17 | Create | Villager (Male) |
| 2:48 | Create | Villager (Male) |
| 3:05 | Create | Villager (Male) |
| 3:16 | Create | Villager (Male) |
| 3:56 | Create | Villager (Male) |
| 4:18 | Create | Villager (Male) |
| 4:23 | Build | House |
| 4:24 | Build | House |
| 4:35 | Research | Loom |
| 5:31 | Create | Villager (Male) |
| 5:52 | Create | Villager (Male) |
| 6:10 | Create | Villager (Male) |
| 6:31 | Create | Villager (Male) |
| 6:51 | Create | Villager (Male) |
| 7:30 | Build | Mill |
| 7:46 | Create | Villager (Male) |
| 8:00 | Research | Feudal Age |
| 9:09 | Build | Barracks |
| 9:37 | Build | House |
| 9:40 | Build | Palisade Wall |
| 10:14 | Age | Feudal Age |
| 10:18 | Build | Stable |
| 10:25 | Research | Double-Bit Axe |
| 10:28 | Create | Villager (Male) |
| 10:52 | Build | Blacksmith |
| 11:06 | Build | Farm |
| 11:08 | Create | Scout Cavalry |
| 11:09 | Create | Scout Cavalry |
| 11:14 | Create | Villager (Male) |
| 11:23 | Create | Villager (Male) |
| 11:39 | Build | House |
| 11:47 | Create | Scout Cavalry |
| 11:48 | Research | Forging |
| 11:58 | Create | Villager (Male) |
| 12:12 | Build | Farm |
| 12:12 | Build | Farm |
| 12:12 | Build | Farm |
| 12:12 | Build | Farm |
| 12:13 | Build | Farm |
| 12:13 | Build | Farm |
| 12:27 | Create | Villager (Male) |
| 12:28 | Create | Villager (Male) |
| 12:50 | Create | Villager (Male) |
| 13:02 | Create | Scout Cavalry |
| 13:03 | Create | Villager (Male) |
| 13:13 | Build | House |
| 13:25 | Create | Scout Cavalry |
| 13:26 | Research | Scale Barding Armor |
| 13:31 | Build | Farm |
| 13:33 | Build | Farm |
| 13:39 | Build | Farm |
| 13:57 | Create | Scout Cavalry |
| 14:00 | Build | Farm |
| 14:00 | Build | Farm |
| 14:00 | Build | Farm |
| 14:00 | Build | Farm |
| 14:01 | Build | Farm |
| 14:01 | Build | Farm |
| 14:16 | Build | Farm |
| 14:22 | Create | Villager (Male) |
| 14:39 | Build | Farm |
| 14:41 | Build | House |
| 14:44 | Build | Farm |
| 14:44 | Create | Villager (Male) |
| 15:06 | Build | Farm |
| 15:07 | Create | Villager (Male) |
| 15:32 | Create | Scout Cavalry |
| 15:44 | Create | Villager (Male) |
| 15:48 | Build | Mining Camp |
| 15:53 | Create | Scout Cavalry |
| 16:17 | Create | Villager (Male) |
| 16:25 | Create | Villager (Male) |
| 16:25 | Create | Villager (Male) |
| 16:34 | Create | Villager (Male) |
| 16:46 | Create | Villager (Male) |
| 16:49 | Build | Farm |
| 16:59 | Build | House |
| 17:00 | Create | Villager (Male) |
| 17:22 | Create | Scout Cavalry |
| 17:30 | Research | Bloodlines |
| 17:38 | Build | Stable |
| 17:43 | Build | House |
| 17:47 | Build | Palisade Gate |
| 17:48 | Create | Villager (Male) |
| 17:51 | Build | House |
| 17:54 | Build | House |
| 17:57 | Build | House |
| 18:09 | Build | House |
| 18:10 | Create | Villager (Male) |
| 18:16 | Create | Scout Cavalry |
| 18:16 | Create | Scout Cavalry |
| 18:25 | Create | Scout Cavalry |
| 18:25 | Create | Scout Cavalry |
| 18:48 | Build | Market |
| 18:53 | Create | Scout Cavalry |
| 18:53 | Create | Scout Cavalry |
| 19:13 | Build | Farm |
| 19:13 | Build | Farm |
| 19:13 | Build | Farm |
| 19:14 | Build | Farm |
| 19:14 | Build | Farm |
| 19:14 | Build | Farm |
| 19:35 | Create | Villager (Male) |
| 19:41 | Create | Scout Cavalry |
| 19:42 | Create | Scout Cavalry |
| 19:58 | Create | Villager (Male) |
| 20:22 | Create | Scout Cavalry |
| 20:22 | Create | Scout Cavalry |
| 20:27 | Build | Farm |
| 20:51 | Create | Scout Cavalry |
| 21:17 | Build | House |
| 21:22 | Build | Palisade Wall |
| 21:24 | Build | Palisade Wall |
| 22:08 | Research | Castle Age |
| 22:08 | Research | Castle Age |
| 22:24 | Build | Farm |
| 22:32 | Research | Gold Mining |
| 22:38 | Create | Spearman |
| 23:19 | Research | Horse Collar |
| 24:33 | Age | Castle Age |
| 24:35 | Create | Knight |
| 24:36 | Create | Knight |
| 24:36 | Create | Knight |
| 24:42 | Research | Chain Barding Armor |
| 24:46 | Create | Villager (Male) |
| 24:47 | Create | Villager (Male) |
| 25:22 | Research | Bow Saw |
| 25:22 | Research | Bow Saw |
| 26:03 | Create | Knight |
| 26:03 | Create | Knight |
| 26:10 | Create | Knight |
| 26:10 | Create | Knight |
| 26:11 | Create | Villager (Male) |
| 26:13 | Build | Farm |
| 26:13 | Build | Farm |
| 26:18 | Create | Villager (Male) |
| 26:43 | Create | Villager (Male) |
| 26:43 | Create | Villager (Male) |
| 26:44 | Create | Knight |
Build order — 回忆里太多好
First 150 of 473 actions detected
| 0:01 | Create | Villager (Male) |
| 0:01 | Create | Villager (Male) |
| 0:02 | Build | House |
| 0:04 | Build | House |
| 0:08 | Create | Villager (Male) |
| 0:09 | Create | Villager (Male) |
| 0:09 | Create | Villager (Male) |
| 0:09 | Create | Villager (Male) |
| 1:37 | Create | Villager (Male) |
| 1:37 | Create | Villager (Male) |
| 1:54 | Build | Lumber Camp |
| 2:09 | Create | Villager (Male) |
| 2:09 | Create | Villager (Male) |
| 2:23 | Create | Villager (Male) |
| 2:24 | Create | Villager (Male) |
| 2:52 | Create | Villager (Male) |
| 2:52 | Create | Villager (Male) |
| 3:09 | Create | Villager (Male) |
| 3:44 | Create | Villager (Male) |
| 3:44 | Create | Villager (Male) |
| 3:54 | Build | House |
| 4:10 | Create | Villager (Male) |
| 4:10 | Create | Villager (Male) |
| 4:27 | Build | House |
| 4:40 | Create | Villager (Male) |
| 4:40 | Create | Villager (Male) |
| 5:26 | Create | Villager (Male) |
| 5:26 | Create | Villager (Male) |
| 5:45 | Build | Dock |
| 6:04 | Create | Villager (Male) |
| 6:06 | Create | Villager (Male) |
| 6:27 | Build | House |
| 6:52 | Create | Fishing Ship |
| 6:53 | Create | Villager (Male) |
| 6:58 | Build | House |
| 7:00 | Build | House |
| 7:23 | Create | Villager (Male) |
| 7:39 | Create | Fishing Ship |
| 7:50 | Create | Villager (Male) |
| 8:03 | Create | Villager (Male) |
| 8:08 | Create | Fishing Ship |
| 8:21 | Research | Feudal Age |
| 8:21 | Research | Feudal Age |
| 8:51 | Build | Mining Camp |
| 8:58 | Create | Villager (Male) |
| 8:58 | Create | Villager (Male) |
| 9:22 | Build | Mill |
| 10:59 | Age | Feudal Age |
| 11:04 | Build | Market |
| 11:06 | Build | Blacksmith |
| 11:31 | Create | Fishing Ship |
| 11:51 | Build | House |
| 11:54 | Research | Castle Age |
| 11:54 | Research | Castle Age |
| 11:56 | Research | Double-Bit Axe |
| 11:56 | Research | Double-Bit Axe |
| 12:06 | Build | House |
| 12:07 | Build | House |
| 12:23 | Research | Tech 906 |
| 12:23 | Research | Tech 906 |
| 12:30 | Research | Horse Collar |
| 12:31 | Research | Horse Collar |
| 12:47 | Create | Fishing Ship |
| 12:47 | Create | Fishing Ship |
| 13:13 | Create | Fishing Ship |
| 14:04 | Build | Barracks |
| 14:05 | Create | Villager (Male) |
| 14:34 | Age | Castle Age |
| 14:46 | Build | Town Center |
| 14:47 | Create | Villager (Male) |
| 14:48 | Research | Gillnets |
| 14:49 | Research | Gillnets |
| 14:50 | Build | Stable |
| 15:06 | Research | Scale Barding Armor |
| 15:06 | Research | Scale Barding Armor |
| 15:13 | Create | Villager (Male) |
| 15:16 | Research | Bow Saw |
| 15:16 | Research | Bow Saw |
| 15:30 | Create | Scout Cavalry |
| 15:31 | Create | Unit 1944 |
| 15:33 | Create | Unit 1944 |
| 15:37 | Build | House |
| 15:41 | Build | House |
| 15:43 | Build | Palisade Wall |
| 15:49 | Create | Villager (Male) |
| 15:52 | Build | Farm |
| 15:53 | Build | Farm |
| 16:06 | Create | Villager (Male) |
| 16:09 | Create | Unit 1944 |
| 16:22 | Build | House |
| 16:27 | Build | Farm |
| 16:27 | Create | Villager (Male) |
| 16:30 | Build | Farm |
| 16:32 | Build | Farm |
| 16:34 | Create | Villager (Male) |
| 16:36 | Build | Farm |
| 16:43 | Create | Villager (Male) |
| 17:12 | Create | Villager (Male) |
| 17:24 | Create | Unit 1944 |
| 17:24 | Create | Unit 1944 |
| 17:28 | Build | Farm |
| 17:30 | Build | Farm |
| 17:30 | Build | Farm |
| 17:33 | Build | Farm |
| 17:36 | Build | Farm |
| 17:36 | Build | Farm |
| 17:38 | Create | Villager (Male) |
| 17:48 | Create | Villager (Male) |
| 17:48 | Create | Villager (Male) |
| 17:50 | Build | Farm |
| 17:52 | Build | House |
| 17:55 | Build | Farm |
| 17:57 | Create | Villager (Male) |
| 18:11 | Create | Unit 1944 |
| 18:17 | Build | Farm |
| 18:18 | Build | Farm |
| 18:20 | Build | Farm |
| 18:22 | Build | Farm |
| 18:25 | Create | Villager (Male) |
| 18:34 | Create | Villager (Male) |
| 18:51 | Create | Villager (Male) |
| 18:54 | Create | Villager (Male) |
| 19:10 | Create | Villager (Male) |
| 19:20 | Create | Villager (Male) |
| 19:22 | Build | Town Center |
| 19:31 | Create | Villager (Male) |
| 19:33 | Create | Villager (Male) |
| 19:38 | Research | Loom |
| 19:38 | Research | Loom |
| 19:44 | Create | Villager (Male) |
| 19:54 | Create | Villager (Male) |
| 19:59 | Create | Villager (Male) |
| 20:05 | Build | Lumber Camp |
| 20:09 | Research | Heavy Plow |
| 20:09 | Research | Heavy Plow |
| 20:10 | Research | Gold Mining |
| 20:10 | Research | Gold Mining |
| 20:10 | Research | Gold Mining |
| 20:18 | Create | Villager (Male) |
| 20:22 | Create | Villager (Male) |
| 20:36 | Create | Villager (Male) |
| 20:43 | Build | Town Center |
| 20:45 | Create | Villager (Male) |
| 20:45 | Create | Villager (Male) |
| 20:59 | Create | Villager (Male) |
| 20:59 | Create | Villager (Male) |
| 21:04 | Build | Farm |
| 21:06 | Create | Villager (Male) |
| 21:21 | Create | Villager (Male) |
| 21:28 | Research | Wheelbarrow |
Build order — DS_Uruguayo
First 150 of 306 actions detected
| 0:01 | Create | Villager (Male) |
| 0:01 | Create | Villager (Male) |
| 0:02 | Build | House |
| 0:03 | Build | House |
| 0:11 | Create | Villager (Male) |
| 0:11 | Create | Villager (Male) |
| 1:34 | Create | Villager (Male) |
| 1:34 | Create | Villager (Male) |
| 1:38 | Create | Villager (Male) |
| 1:39 | Create | Villager (Male) |
| 2:32 | Create | Villager (Male) |
| 2:32 | Create | Villager (Male) |
| 2:32 | Create | Villager (Male) |
| 2:43 | Build | Lumber Camp |
| 2:47 | Create | Villager (Male) |
| 2:47 | Create | Villager (Male) |
| 3:21 | Create | Villager (Male) |
| 3:28 | Create | Villager (Male) |
| 3:29 | Create | Villager (Male) |
| 3:42 | Create | Villager (Male) |
| 3:42 | Create | Villager (Male) |
| 3:42 | Create | Villager (Male) |
| 4:15 | Build | House |
| 4:54 | Create | Villager (Male) |
| 4:54 | Create | Villager (Male) |
| 5:20 | Build | Mining Camp |
| 5:38 | Create | Villager (Male) |
| 5:52 | Create | Villager (Male) |
| 6:29 | Research | Loom |
| 6:56 | Research | Feudal Age |
| 6:57 | Research | Feudal Age |
| 8:13 | Build | Barracks |
| 8:17 | Build | House |
| 8:20 | Build | House |
| 8:50 | Create | Villager (Male) |
| 9:09 | Age | Feudal Age |
| 9:10 | Build | Archery Range |
| 9:12 | Build | House |
| 9:34 | Create | Villager (Male) |
| 9:47 | Build | Archery Range |
| 9:47 | Create | Villager (Male) |
| 10:05 | Create | Archer |
| 10:15 | Build | House |
| 10:23 | Create | Villager (Male) |
| 10:29 | Create | Archer |
| 10:29 | Create | Archer |
| 10:47 | Create | Villager (Male) |
| 10:50 | Create | Archer |
| 10:50 | Create | Archer |
| 10:59 | Create | Villager (Male) |
| 11:13 | Build | Blacksmith |
| 11:15 | Build | House |
| 11:18 | Create | Villager (Male) |
| 11:31 | Create | Villager (Male) |
| 11:40 | Create | Archer |
| 11:40 | Create | Archer |
| 11:40 | Create | Villager (Male) |
| 12:11 | Build | Mill |
| 12:15 | Create | Archer |
| 12:15 | Create | Archer |
| 12:18 | Create | Archer |
| 12:19 | Create | Archer |
| 12:21 | Create | Villager (Male) |
| 12:30 | Build | House |
| 12:32 | Build | Palisade Wall |
| 12:39 | Create | Archer |
| 12:39 | Create | Archer |
| 13:25 | Create | Villager (Male) |
| 13:25 | Create | Archer |
| 13:26 | Create | Archer |
| 13:36 | Research | Fletching |
| 13:37 | Research | Fletching |
| 13:37 | Research | Fletching |
| 13:56 | Create | Archer |
| 14:00 | Create | Villager (Male) |
| 14:00 | Create | Villager (Male) |
| 14:00 | Create | Villager (Male) |
| 14:02 | Build | Farm |
| 14:07 | Create | Archer |
| 14:07 | Create | Archer |
| 14:14 | Build | House |
| 14:15 | Build | House |
| 14:37 | Create | Villager (Male) |
| 14:37 | Create | Archer |
| 14:38 | Create | Archer |
| 14:39 | Build | Farm |
| 15:08 | Create | Villager (Male) |
| 15:08 | Create | Villager (Male) |
| 15:08 | Create | Villager (Male) |
| 15:10 | Build | Farm |
| 15:25 | Create | Villager (Male) |
| 15:28 | Build | House |
| 15:29 | Create | Archer |
| 15:29 | Create | Archer |
| 15:29 | Create | Archer |
| 15:49 | Create | Villager (Male) |
| 15:49 | Create | Villager (Male) |
| 15:50 | Create | Archer |
| 15:50 | Create | Archer |
| 16:05 | Create | Villager (Male) |
| 16:45 | Build | House |
| 16:46 | Create | Villager (Male) |
| 16:50 | Build | Farm |
| 16:50 | Build | Farm |
| 16:52 | Build | Farm |
| 16:57 | Create | Archer |
| 16:57 | Create | Archer |
| 17:10 | Create | Villager (Male) |
| 17:51 | Create | Villager (Male) |
| 17:51 | Create | Villager (Male) |
| 17:52 | Create | Archer |
| 17:52 | Create | Archer |
| 17:52 | Create | Archer |
| 17:52 | Create | Archer |
| 17:53 | Build | Farm |
| 17:54 | Build | Farm |
| 17:54 | Build | Farm |
| 17:54 | Build | Farm |
| 17:54 | Build | Farm |
| 17:54 | Build | Farm |
| 17:55 | Build | Farm |
| 18:19 | Build | Farm |
| 18:22 | Research | Double-Bit Axe |
| 18:22 | Research | Double-Bit Axe |
| 18:29 | Build | Farm |
| 18:39 | Build | House |
| 18:40 | Build | House |
| 18:40 | Build | House |
| 19:04 | Create | Archer |
| 19:04 | Create | Archer |
| 19:04 | Create | Villager (Male) |
| 19:07 | Build | Farm |
| 19:14 | Build | Farm |
| 19:17 | Build | Farm |
| 19:18 | Create | Villager (Male) |
| 19:22 | Create | Archer |
| 19:22 | Create | Archer |
| 19:30 | Create | Villager (Male) |
| 19:39 | Build | Farm |
| 20:11 | Build | House |
| 20:12 | Build | Palisade Wall |
| 20:15 | Create | Villager (Male) |
| 20:20 | Build | Farm |
| 20:40 | Create | Villager (Male) |
| 20:43 | Research | Castle Age |
| 20:43 | Research | Castle Age |
| 20:43 | Research | Castle Age |
| 20:51 | Build | Lumber Camp |
| 21:00 | Build | Palisade Wall |
| 21:03 | Create | Villager (Male) |
Build order — mesa
First 150 of 217 actions detected
| 0:00 | Create | Villager (Male) |
| 0:01 | Create | Villager (Male) |
| 0:01 | Create | Villager (Male) |
| 0:02 | Build | House |
| 0:03 | Build | House |
| 0:07 | Create | Villager (Male) |
| 0:07 | Create | Villager (Male) |
| 1:26 | Create | Villager (Male) |
| 1:26 | Create | Villager (Male) |
| 1:56 | Create | Villager (Male) |
| 1:57 | Create | Villager (Male) |
| 1:57 | Create | Villager (Male) |
| 2:13 | Build | Lumber Camp |
| 2:24 | Create | Villager (Male) |
| 2:24 | Create | Villager (Male) |
| 2:25 | Create | Villager (Male) |
| 2:47 | Create | Villager (Male) |
| 2:47 | Create | Villager (Male) |
| 3:18 | Create | Villager (Male) |
| 3:19 | Create | Villager (Male) |
| 3:40 | Build | House |
| 3:48 | Create | Villager (Male) |
| 3:48 | Create | Villager (Male) |
| 3:48 | Create | Villager (Male) |
| 4:22 | Build | House |
| 4:34 | Create | Villager (Male) |
| 4:34 | Create | Villager (Male) |
| 4:35 | Create | Villager (Male) |
| 5:24 | Build | Mill |
| 5:48 | Create | Villager (Male) |
| 5:59 | Create | Villager (Male) |
| 6:35 | Create | Villager (Male) |
| 6:57 | Create | Villager (Male) |
| 6:59 | Research | Loom |
| 7:37 | Build | Barracks |
| 8:15 | Research | Feudal Age |
| 8:15 | Research | Feudal Age |
| 8:24 | Build | Mining Camp |
| 8:37 | Build | Palisade Wall |
| 8:43 | Build | Palisade Wall |
| 9:16 | Create | Villager (Male) |
| 9:16 | Create | Villager (Male) |
| 9:21 | Build | Palisade Wall |
| 9:39 | Build | Palisade Gate |
| 10:25 | Age | Feudal Age |
| 10:26 | Build | Watch Tower |
| 10:37 | Create | Spearman |
| 10:37 | Create | Spearman |
| 10:52 | Create | Villager (Male) |
| 10:56 | Research | Double-Bit Axe |
| 10:56 | Research | Double-Bit Axe |
| 10:57 | Research | Horse Collar |
| 10:57 | Research | Horse Collar |
| 11:07 | Build | Palisade Wall |
| 11:09 | Build | Palisade Wall |
| 11:10 | Build | Palisade Wall |
| 11:11 | Build | Palisade Wall |
| 11:14 | Build | Palisade Wall |
| 11:19 | Create | Villager (Male) |
| 11:25 | Build | Farm |
| 11:26 | Build | Farm |
| 11:26 | Build | Farm |
| 11:32 | Build | Farm |
| 11:41 | Create | Villager (Male) |
| 11:47 | Build | House |
| 11:57 | Create | Spearman |
| 12:08 | Build | Farm |
| 12:32 | Create | Villager (Male) |
| 12:35 | Build | Farm |
| 12:44 | Build | Stone Wall |
| 12:58 | Build | Stone Wall |
| 12:59 | Build | Stone Wall |
| 13:01 | Create | Villager (Male) |
| 13:12 | Create | Spearman |
| 13:18 | Create | Villager (Male) |
| 13:20 | Build | Stone Wall |
| 13:28 | Build | Stone Wall |
| 13:32 | Build | Stone Wall |
| 13:46 | Build | Blacksmith |
| 14:05 | Create | Spearman |
| 14:06 | Build | Watch Tower |
| 14:12 | Build | Watch Tower |
| 14:17 | Build | Market |
| 14:28 | Create | Villager (Male) |
| 14:28 | Create | Villager (Male) |
| 14:28 | Create | Villager (Male) |
| 14:34 | Build | Watch Tower |
| 14:37 | Research | Fletching |
| 14:37 | Research | Fletching |
| 14:38 | Build | House |
| 14:57 | Create | Spearman |
| 15:16 | Build | House |
| 15:17 | Build | House |
| 15:21 | Build | Stone Wall |
| 15:29 | Create | Villager (Male) |
| 16:04 | Create | Spearman |
| 16:07 | Build | Stone Wall |
| 16:09 | Build | Stone Wall |
| 16:10 | Build | Stone Wall |
| 16:12 | Build | Stone Wall |
| 16:19 | Build | Stone Wall |
| 16:24 | Build | Stone Wall |
| 16:33 | Build | Lumber Camp |
| 16:34 | Create | Villager (Male) |
| 16:56 | Create | Villager (Male) |
| 17:10 | Build | Stone Wall |
| 17:14 | Build | Stone Wall |
| 17:29 | Build | Market |
| 17:34 | Build | Farm |
| 17:38 | Create | Villager (Male) |
| 17:38 | Create | Villager (Male) |
| 17:40 | Build | Farm |
| 18:08 | Build | Farm |
| 18:26 | Build | Stone Wall |
| 18:30 | Create | Villager (Male) |
| 18:51 | Build | Mill |
| 18:52 | Build | Farm |
| 18:53 | Build | Farm |
| 19:08 | Build | Farm |
| 19:19 | Create | Villager (Male) |
| 19:48 | Build | Gate |
| 19:49 | Build | Stone Wall |
| 19:55 | Build | Farm |
| 19:56 | Create | Villager (Male) |
| 20:11 | Build | Stone Wall |
| 20:13 | Build | Stone Wall |
| 20:16 | Build | Stone Wall |
| 20:21 | Create | Villager (Male) |
| 20:25 | Build | Farm |
| 21:01 | Research | Castle Age |
| 21:01 | Research | Castle Age |
| 21:01 | Research | Castle Age |
| 21:12 | Create | Villager (Male) |
| 21:17 | Build | Mining Camp |
| 21:22 | Research | Stone Mining |
| 21:23 | Research | Stone Mining |
| 21:40 | Create | Villager (Male) |
| 22:19 | Create | Villager (Male) |
| 22:35 | Create | Villager (Male) |
| 22:48 | Build | Stone Wall |
| 23:11 | Build | Farm |
| 23:12 | Build | Farm |
| 23:41 | Age | Castle Age |
| 23:46 | Build | Castle |
| 23:54 | Create | Villager (Male) |
| 24:01 | Build | Barracks |
| 24:05 | Build | Stable |
| 24:18 | Research | Bow Saw |
| 24:24 | Research | Bow Saw |
| 24:24 | Research | Bow Saw |
Match timeline
| 4:39 | PSX | Nicolás Tagliafico · first_building Dock |
| 5:45 | 回忆里太多好 · first_building Dock |
| 6:54 | 巨大豚 · first_building Dock |
| 7:37 | mesa · first_building Barracks |
| 8:13 | DS_Uruguayo · first_building Barracks |
| 8:24 | Emily001 · first_building Barracks |
| 8:26 | Emily001 · age_up feudal |
| 8:37 | mesa · wall_segment Palisade Wall x1 |
| 8:43 | mesa · wall_segment Palisade Wall x9 |
| 9:02 | Emily001 · first_building Stable |
| 9:09 | PSX | DIBU MARTINEZ · first_building Barracks |
| 9:09 | DS_Uruguayo · age_up feudal |
| 9:10 | DS_Uruguayo · first_building Archery Range |
| 9:21 | mesa · wall_segment Palisade Wall x1 |
| 9:33 | Emily001 · wall_segment Palisade Wall x5 |
| 9:39 | PSX | Enzo Fernandez · age_up feudal |
| 9:40 | PSX | DIBU MARTINEZ · wall_segment Palisade Wall x1 |
| 9:44 | PSX | Enzo Fernandez · first_building Stable |
| 10:14 | PSX | DIBU MARTINEZ · age_up feudal |
| 10:18 | PSX | DIBU MARTINEZ · first_building Stable |
| 10:25 | mesa · age_up feudal |
| 10:59 | 回忆里太多好 · age_up feudal |
| 11:07 | mesa · wall_segment Palisade Wall x1 |
| 11:09 | mesa · wall_segment Palisade Wall x1 |
| 11:10 | mesa · wall_segment Palisade Wall x1 |
| 11:11 | mesa · wall_segment Palisade Wall x1 |
| 11:14 | mesa · wall_segment Palisade Wall x1 |
| 11:51 | 巨大豚 · first_building Barracks |
| 11:53 | 巨大豚 · age_up feudal |
| 11:56 | PSX | Nicolás Tagliafico · age_up feudal |
| 12:07 | PSX | Nicolás Tagliafico · wall_segment Palisade Wall x1 |
| 12:32 | DS_Uruguayo · wall_segment Palisade Wall x5 |
| 12:44 | mesa · wall_segment Stone Wall x1 |
| 12:58 | mesa · wall_segment Stone Wall x1 |
| 12:59 | mesa · wall_segment Stone Wall x1 |
| 13:06 | 巨大豚 · first_building Stable |
| 13:20 | mesa · wall_segment Stone Wall x1 |
| 13:28 | mesa · wall_segment Stone Wall x11 |
| 13:32 | mesa · wall_segment Stone Wall x13 |
| 14:04 | 回忆里太多好 · first_building Barracks |
| 14:34 | 回忆里太多好 · age_up castle |
| 14:50 | 回忆里太多好 · first_building Stable |
| 15:21 | mesa · wall_segment Stone Wall x1 |
| 15:21 | PSX | Enzo Fernandez · first_market_sell 100 wood |
| 15:23 | PSX | Enzo Fernandez · first_market_buy 100 food |
| 15:30 | PSX | Nicolás Tagliafico · age_up castle |
| 15:43 | 回忆里太多好 · wall_segment Palisade Wall x1 |
| 15:55 | Emily001 · wall_segment Palisade Wall x1 |
| 16:07 | mesa · wall_segment Stone Wall x1 |
| 16:09 | mesa · wall_segment Stone Wall x1 |
| 16:10 | mesa · wall_segment Stone Wall x1 |
| 16:12 | mesa · wall_segment Stone Wall x1 |
| 16:19 | mesa · wall_segment Stone Wall x1 |
| 16:24 | mesa · wall_segment Stone Wall x1 |
| 17:10 | mesa · wall_segment Stone Wall x9 |
| 17:14 | mesa · wall_segment Stone Wall x7 |
| 18:26 | mesa · wall_segment Stone Wall x1 |
| 18:48 | PSX | Enzo Fernandez · wall_segment Palisade Wall x2 |
| 19:25 | Emily001 · first_market_sell 500 wood |
| 19:29 | Emily001 · first_market_buy 100 food |
| 19:49 | mesa · wall_segment Stone Wall x1 |
| 19:59 | PSX | Enzo Fernandez · wall_segment Palisade Wall x2 |
| 20:11 | mesa · wall_segment Stone Wall x1 |
| 20:12 | DS_Uruguayo · wall_segment Palisade Wall x7 |
| 20:13 | mesa · wall_segment Stone Wall x7 |
| 20:14 | 巨大豚 · first_market_buy 100 food |
| 20:16 | mesa · wall_segment Stone Wall x11 |
| 20:33 | 回忆里太多好 · first_market_buy 100 wood |
| 20:39 | PSX | DIBU MARTINEZ · first_market_buy 100 food |
| 20:41 | PSX | DIBU MARTINEZ · first_market_sell 500 wood |
| 20:54 | mesa · first_market_buy 100 food |
| 20:55 | mesa · first_market_sell 100 wood |
| 21:00 | DS_Uruguayo · wall_segment Palisade Wall x25 |
| 21:22 | PSX | DIBU MARTINEZ · wall_segment Palisade Wall x11 |
| 21:24 | PSX | DIBU MARTINEZ · wall_segment Palisade Wall x20 |
| 21:44 | 巨大豚 · first_building Archery Range |
| 21:56 | PSX | Nicolás Tagliafico · first_building Castle |
| 22:07 | PSX | Enzo Fernandez · age_up castle |
| 22:08 | 巨大豚 · wall_segment Stone Wall x21 |
| 22:30 | PSX | Nicolás Tagliafico · wall_segment Palisade Wall x1 |
| 22:31 | PSX | Nicolás Tagliafico · wall_segment Palisade Wall x1 |
| 22:33 | PSX | Nicolás Tagliafico · wall_segment Palisade Wall x1 |
| 22:48 | mesa · wall_segment Stone Wall x1 |
| 22:55 | 巨大豚 · age_up castle |
| 23:05 | Emily001 · age_up castle |
| 23:23 | DS_Uruguayo · age_up castle |
| 23:41 | mesa · age_up castle |
| 23:46 | mesa · first_building Castle |
| 23:50 | 巨大豚 · wall_segment Stone Wall x1 |
| 23:50 | 巨大豚 · wall_segment Stone Wall x1 |
| 23:57 | 巨大豚 · wall_segment Stone Wall x4 |
| 24:01 | 巨大豚 · wall_segment Palisade Wall x1 |
| 24:03 | 巨大豚 · wall_segment Palisade Wall x1 |
| 24:05 | mesa · first_building Stable |
| 24:33 | PSX | DIBU MARTINEZ · age_up castle |
| 25:07 | 巨大豚 · wall_segment Palisade Wall x1 |
| 25:18 | PSX | Nicolás Tagliafico · first_building Barracks |
| 26:38 | PSX | Nicolás Tagliafico · age_up imperial |
| 26:57 | mesa · first_building Siege Workshop |
| 27:13 | 回忆里太多好 · wall_segment Palisade Wall x1 |
| 27:37 | PSX | Nicolás Tagliafico · first_market_sell 100 food |
| 27:44 | Emily001 · wall_segment Palisade Wall x1 |
| 28:30 | PSX | Nicolás Tagliafico · first_building Stable |
| 28:32 | PSX | Nicolás Tagliafico · first_building Archery Range |
| 28:38 | 回忆里太多好 · first_building Monastery |
| 28:48 | 回忆里太多好 · first_building Castle |
| 29:47 | 回忆里太多好 · wall_segment Palisade Wall x1 |
| 30:33 | Emily001 · wall_segment Stone Wall x4 |
| 31:16 | 巨大豚 · first_market_sell 100 food |
| 32:20 | 回忆里太多好 · age_up imperial |
| 32:28 | 巨大豚 · first_building Monastery |
| 33:10 | mesa · wall_segment Stone Wall x1 |
| 33:57 | mesa · age_up imperial |
| 35:04 | 巨大豚 · wall_segment Stone Wall x1 |
| 35:23 | Emily001 · wall_segment Stone Wall x1 |
| 35:29 | Emily001 · wall_segment Stone Wall x1 |
| 35:30 | Emily001 · wall_segment Stone Wall x1 |
| 35:50 | PSX | Nicolás Tagliafico · tribute_sent a jugador 2 |
| 35:50 | PSX | Nicolás Tagliafico · tribute_sent a jugador 3 |
| 35:50 | PSX | Nicolás Tagliafico · tribute_sent a jugador 4 |
| 35:50 | PSX | Nicolás Tagliafico · tribute_sent a jugador 5 |
| 35:50 | PSX | Nicolás Tagliafico · tribute_sent a jugador 6 |
| 35:50 | PSX | Nicolás Tagliafico · tribute_sent a jugador 7 |
| 35:50 | PSX | Nicolás Tagliafico · tribute_sent a jugador 8 |
| 36:03 | 巨大豚 · age_up imperial |
| 36:06 | DS_Uruguayo · first_building Monastery |
| 36:26 | Emily001 · resign |
[ AI ANALYSIS · 1 CREDIT ]
What really happened in this match?
Wolo.gg analyzes every decision: build order, eco, micro, common mistakes by bracket. Personalized analysis on WhatsApp or Discord in 30 seconds.
Civ guide
Vietnamese
Perfil
巨大豚